AoeStats
← NaVi Sh

Hideout

509341628Analyzed
1v1 RM · 6d ago on Sep 26, 2026· 37m 35s· 2 players
Game mode
Random Map
Map size
Tiny (2 player)
Population
200
Speed
Normal
Resources
Standard
Victory
Conquest
Starting age
Dark Age
Ending age
Imperial Age
RankedLock teamsTeams togetherTeam positionsShared explorationLock speedFull tech treeHidden civsTurbo modeCheats
Victory
Defeat
🇩🇪 Italians · Germany
1175
+17
🇮🇹 Mongols · Italy
1188
-17
DerFruitDude
8:15 Loom
11:00 Feudal Age
11:54 Double-Bit Axe
14:46 Castle Age
12:35 Loom
13:10 Horse Collar
13:31 Stone Mining
13:50 Town Watch
23:12 Ballistics
22:54 Fletching
27:26 Padded Archer Armor
28:51 Bodkin Arrow
35:24 Wheelbarrow
35:20 Gold Mining
35:35 Guard Tower
35:56 Masonry
38:24 Stone Shaft Mining
38:24 Leather Archer Armor
NaVi Sh
4:04 Loom
9:35 Feudal Age
9:09 Loom
13:32 Castle Age
12:01 Double-Bit Axe
13:11 Horse Collar
17:35 Fletching
18:59 Town Watch
20:17 Bow Saw
22:39 Wheelbarrow
22:47 Padded Archer Armor
22:48 Bodkin Arrow
25:23 Gold Mining
25:35 Heavy Plow
29:11 Hand Cart
31:03 Ballistics
31:48 Padded Archer Armor
38:34 Imperial Age
Connection lost

Rejoining the realm…

Still unreachable

The connection could not be restored.

Session expired

The server has moved on; the page needs a fresh start.